 Dungeon Crawl Stone Soup version 0.17.1-3-g152610e (webtiles) character file.

147 manyhoops the Slasher (level 5, -1/41 HPs)
             Began as a Demonspawn Gladiator on Apr 25, 2016.
             Killed from afar by an orc wizard (13 damage)
             ... with a puff of flame
             ... on level 4 of the Dungeon.
             The game lasted 00:05:01 (2826 turns).

manyhoops the Slasher (Demonspawn Gladiator)        Turns: 2826, Time: 00:05:04

Health: -1/41      AC: 14    Str: 16    XL:     5   Next: 7%
Magic:  5/5        EV:  7    Int:  9    God:
Gold:   157        SH:  0    Dex: 13    Spells: 0 memorised, 4 levels left

rFire  x . .     SeeInvis .     a - +0 long sword
rCold  + + .     Clarity  .     n - +0 chain mail
rNeg   . . .     SustAt   .     (no shield)
rPois  .         Gourm    .     c - +0 helmet
rElec  .         Spirit   .     (no cloak)
rCorr  .         Warding  .     (no gloves)
rMut   .         Stasis   .     (no boots)
MR     .....                    (no amulet)
Stlth  ..........               y - ring of ice
                                k - ring of protection from cold

@: not resistant to hostile enchantments, extremely unstealthy
A: talons 2, rough black scales 1
a: no special abilities


You were on level 4 of the Dungeon.
You were very hungry.

You visited 1 branch of the dungeon, and saw 4 of its levels.

You collected 157 gold pieces.

Inventory:

Hand Weapons
 a - a +0 long sword (weapon)
Missiles
 d - 3 throwing nets (quivered)
Armour
 c - a +0 helmet (worn)
 f - a +0 ring mail
 n - a +0 chain mail (worn)
Rods
 w - a +0 rod of shadows (11/11)
   (You found it on level 3 of the Dungeon)
Jewellery
 k - a ring of protection from cold (left hand)
 y - a ring of ice (right hand)
Wands
 s - a wand of paralysis (5)
 x - a wand of teleportation (6)
Scrolls
 i - 2 scrolls of immolation
 m - 4 scrolls of remove curse
 o - a scroll of fog
 p - a scroll of enchant armour {unknown}
 q - a scroll of amnesia {unknown}
 r - a scroll of identify {unknown}
 t - a scroll of enchant weapon {unknown}
 v - a scroll of noise {unknown}
Potions
 g - 2 potions of brilliance {unknown}
 j - a potion of lignification {unknown}
 l - a potion of cancellation {unknown}
 u - 2 potions of flight {unknown}
 A - a potion of poison {unknown}
 B - a potion of degeneration {unknown}
 C - a potion of ambrosia {unknown}
Comestibles
 e - 2 bread rations
 h - 2 meat rations
 z - 3 fruits


   Skills:
 + Level 3.2 Fighting
 + Level 3.3 Long Blades
 - Level 1.7 Throwing
 * Level 3.0 Armour
 - Level 2.6 Dodging


You had 4 spell levels left.
You didn't know any spells.

Dungeon Overview and Level Annotations

Branches:
Dungeon (4/15)
 Temple: D:4-7

Altars:
Nemelex Xobeh
Okawaru
Vehumet


Innate Abilities, Weirdness & Mutations

You have razor-sharp toenails.
You are partially covered in rough black scales (AC +4, Dex -1).


Message History

You slash the orc wizard! Your kick misses the orc wizard.
The orc wizard is almost dead.
The orc wizard casts a spell.
The orc wizard flickers and vanishes!
Deactivating autopickup; reactivate with Ctrl-A.
Something hits you but does no damage. The orc barely misses you.
You barely miss the orc. Something hits you but does no damage.
Something hits you but does no damage. The orc hits you with a morningstar.
You barely miss the orc. You claw the orc.
The orc is heavily wounded.
Something hits you but does no damage. The orc barely misses you.
Something hits you but does no damage.
You barely miss the orc.
The orc is heavily wounded.
Something hits you but does no damage. The orc hits you with a morningstar.
* * * LOW HITPOINT WARNING * * *
You hear some strange, mumbled words.
A puff of flame appears from out of thin air!
The puff of flame hits you! The fire burns you terribly!
You die...

..##..#.......##.(###..#
......#...(...........)#
......##..##..##.......#
......##.. #..##.......#
..##.. #. #...........#
..# #. #...........# ..#
. #..##..###..# ... ..
.##..##..###..##+## ...
......o@..'......... ..#
......{...#......... #+#
..........#.........
..........#.........
..........#.........
###.#########....#.. #.
####### .


You could see an orc.

Vanquished Creatures
  An orc priest (D:4)
  An orc wizard (D:4)
  Robin (D:4)
  An adder (D:3)
  An ooze (D:1)
  2 worms (D:2)
  A giant gecko (D:1)
  4 orcs (D:4)
  6 giant cockroaches
  13 goblins
  6 hobgoblins
  7 bats
  6 giant newts
  3 jackals (D:1)
  6 kobolds
  5 rats
64 creatures vanquished.

Notes
Turn   | Place    | Note
--------------------------------------------------------------
     0 | D:1      | manyhoops the Demonspawn Gladiator began the quest for the Orb.
     0 | D:1      | Reached XP level 1. HP: 16/16 MP: 1/1
    73 | D:1      | Reached skill level 1 in Armour
   161 | D:1      | Gained mutation: You have sharp toenails. [demonic ancestry]
   161 | D:1      | Reached XP level 2. HP: 22/22 MP: 2/2
   283 | D:1      | Reached skill level 3 in Long Blades
   601 | D:1      | Gained mutation: You are partially covered in rough black scales (AC +4, Dex -1). [demonic ancestry]
   601 | D:1      | Reached XP level 3. HP: 28/28 MP: 3/3
   870 | D:2      | Found a sparkling altar of Nemelex Xobeh.
  1259 | D:2      | Found an iron altar of Okawaru.
  1598 | D:3      | Noticed a phantom
  1902 | D:3      | Found a radiant altar of Vehumet.
  2146 | D:4      | Noticed Robin
  2147 | D:4      | Reached XP level 4. HP: 34/34 MP: 4/4
  2157 | D:4      | Killed Robin
  2773 | D:4      | Gained mutation: You have razor-sharp toenails. [demonic ancestry]
  2773 | D:4      | Reached XP level 5. HP: 23/41 MP: 5/5
  2826 | D:4      | Killed from afar by an orc wizard

Action                   |  1- 3 |  4- 6 || total
-------------------------+-------+-------++-------
Melee: Long sword        |   173 |    80 ||   253
  Use: Scroll            |     3 |       ||     3
  Eat: Chunk             |     4 |     1 ||     5
